 Dungeon Crawl Stone Soup version 0.31.0-9-g3a7656b989 (webtiles) character file.

Game seed: 9396805300094745378

16075 stipulation the Brawler (level 12, -2/89 HPs)
             Began as a Ghoul Monk on Jan 25, 2024.
             Was a Believer of Wu Jian.
             Slain by a five-headed hydra (11 damage)
             ... on level 2 of the Lair of Beasts.
             The game lasted 00:06:47 (12801 turns).

stipulation the Brawler (Ghoul Monk)               Turns: 12801, Time: 00:06:47

Health: -2/89      AC: 14    Str: 20    XL:     12   Next: 33%
Magic:  12/12      EV:  6    Int:  9    God:    Wu Jian [**....]
Gold:   792        SH:  5    Dex: 11    Spells: 11/11 levels left

rFire   . .          .
                       - Unarmed
rCold   + + .        c - orb {light}
rNeg    + + +        M - +1 plate armour {rC+}
rPois   ∞            N - +0 helmet
rElec   .            C - +1 cloak
rCorr   .            (no gloves)
SInv    +            (no boots)
Will    .....        L - amulet of reflection Stlth
                     h - ring of see invisible
HPRegen 0.00/turn    (no ring)
MPRegen 0.13/turn

%: reflection
@: inhibited regen, glowing
A: claws 1, cold resistance 1, negative energy resistance 3, inhibited
regeneration, torment resistance 2, devour on kill
a: Renounce Religion, Wall Jump


You were on level 2 of the Lair of Beasts.
You worshipped Wu Jian.
Wu Jian was pleased with you.
You visited 3 branches of the dungeon, and saw 13 of its levels.
You also visited: Sewer.

You collected 792 gold pieces.

Inventory:

Missiles
 G - a throwing net
Armour
 c - an orb of light (worn)
 C - a +1 cloak (worn)
 M - a +1 plate armour of cold resistance (worn)
 N - a +0 helmet (worn)
Jewellery
 h - a ring of see invisible (left claw)
 i - an amulet of faith
 L - an amulet of reflection (around neck)
Wands
 u - a wand of flame (12) (quivered)
 y - a wand of paralysis (12)
Scrolls
 d - a scroll of revelation
 e - a scroll of fear
 f - 4 scrolls of vulnerability
 m - 7 scrolls of identify
 n - 4 scrolls of enchant armour
 r - a scroll of torment {unknown}
 s - 4 scrolls of amnesia {unknown}
 t - 3 scrolls of blinking {unknown}
 x - 3 scrolls of immolation {unknown}
 z - 2 scrolls of enchant weapon {unknown}
 A - 6 scrolls of teleportation {unknown}
 I - a scroll of silence {unknown}
 K - 2 scrolls of fog {unknown}
Potions
 a - a potion of lignification {unknown}
 b - a potion of ambrosia
 g - a potion of enlightenment
 j - 3 potions of attraction
 k - a potion of invisibility {unknown}
 l - 9 potions of curing {unknown}
 o - 2 potions of magic {unknown}
 p - 2 potions of degeneration {unknown}
 q - 8 potions of haste {unknown}
 v - 2 potions of brilliance {unknown}
 B - 3 potions of mutation {unknown}
 D - 2 potions of might {unknown}
 F - 5 potions of heal wounds {unknown}
 H - 3 potions of berserk rage {unknown}
 J - a potion of cancellation {unknown}


   Skills:
 - Level 3.2 Fighting
 - Level 2.6 Dodging
 + Level 20.9 Unarmed Combat


You had 11 spell levels left.
You didn't know any spells.
Your spell library contained the following spells:

 Spells                   Type           Power      Damage    Failure   Level
 Sandblast                Erth           0%         2d4       100%        1
 Lesser Beckoning         Tloc           0%         N/A       100%        2
 Gell's Gravitas          Tloc           0%         N/A       100%        3
 Passwall                 Erth           0%         N/A       100%        3
 Stone Arrow              Conj/Erth      0%         3d7       100%        3
 Teleport Other           Tloc           0%         N/A       100%        3
 Animate Armour           Summ/Erth      0%         N/A       100%        4
 Brom's Barrelling Bould  Conj/Erth      0%         2d3       100%        4
 Olgreb's Toxic Radiance  Alch           0%         N/A       100%        4
 Ozocubu's Refrigeration  Ice            0%         4d7       100%        7
 Discord                  Hex            0%         N/A       100%        8
 Lehudib's Crystal Spear  Conj/Erth      0%         10d2      100%        8


Dungeon Overview and Level Annotations

Branches:
Dungeon (10/15)            Temple (1/1) D:5            Lair (2/5) D:9
  Sewer (visited)
  Swamp: Lair:2-3    Shoals: Lair:2-3     Snake: Lair:2-3    Spider: Lair:2-3
    Orc: D:9-12

Altars:
Ashenzari
Cheibriados
Dithmenos
Fedhas
Gozag
Hepliaklqana
Kikubaaqudgha
Makhleb
Nemelex Xobeh
Okawaru
Qazlal
Ru
Sif Muna
Trog
Uskayaw
Vehumet
Wu Jian
Xom
Yredelemnul

Annotations:
Temple 2 transporters


Innate Abilities, Weirdness & Mutations

You are immune to poison.
You have sharp fingernails.
Your flesh is cold resistant. (rC+)
You are immune to negative energy. (rN+++)
You do not regenerate when monsters are visible.
You are immune to unholy pain and torment.
You thrive by killing the living.


Message History

You are too injured to fight recklessly!
You are too injured to fight recklessly!
You are too injured to fight recklessly!
You are too injured to fight recklessly!
A five-headed hydra is nearby!
Okay, then.
You spin and attack the five-headed hydra repeatedly.
You claw the five-headed hydra!
The five-headed hydra is heavily wounded.
You scratch the five-headed hydra.
The five-headed hydra is heavily wounded.
The five-headed hydra bites you but does no damage.
The five-headed hydra bites you. x4
You spin and attack the five-headed hydra.
You scratch the five-headed hydra.
The five-headed hydra is heavily wounded.
The five-headed hydra bites you but does no damage.
The five-headed hydra bites you. The five-headed hydra bites you!
The five-headed hydra bites you.
The five-headed hydra bites you but does no damage.
Okay, then.
You scratch the five-headed hydra.
The five-headed hydra is heavily wounded.
You scratch the five-headed hydra.
The five-headed hydra is heavily wounded.
The five-headed hydra bites you.
The five-headed hydra barely misses you.
The five-headed hydra bites you but does no damage.
The five-headed hydra bites you!
* * * LOW HITPOINT WARNING * * *
The five-headed hydra bites you but does no damage.
You claw the five-headed hydra!
The five-headed hydra is almost dead.
The five-headed hydra bites you but does no damage.
The five-headed hydra bites you!
* * * LOW HITPOINT WARNING * * *
The five-headed hydra bites you.
* * * LOW HITPOINT WARNING * * *
The five-headed hydra bites you!
You die...

# ### ##. ### #####
####..#P#..####.##.#..##
........................
.#.#...................#
.......................
.......................
.<..............DP#
..P###.....P#.#.@#####
..P#.#####.##......P.##
................(.......
................(..?.###
........#.#....(P(..##
.........###...(.(.....
..................(....
#P.#PP.#................
##.######...............


You could see a five-headed hydra.

Vanquished Creatures
  A boulder beetle (Lair:2)
  3 two-headed ogres (D:10)
  Pikel (D:6)
  A black mamba (Lair:2)
  4 cane toads
  2 komodo dragons (Lair:1)
  Psyche (D:8)
  A polar bear (Lair:1)
  A troll (D:10)
  6 blink frogs (Lair:1)
  22 yaks
  2 wyverns
  A basilisk (Lair:1)
  3 vampire mosquitoes (D:10)
  2 steam dragons
  Edmund (D:5)
  A water moccasin (Lair:1)
  Duvessa (D:7)
  2 sky beasts (D:7)
  3 orc warriors
  An ice beast (D:6)
  A black bear (D:5)
  8 wolves (Lair:1)
  A crocodile (Sewer)
  4 centaurs
  3 ogres (D:5)
  2 phantoms (D:4)
  A kobold brigand (D:9)
  Blork the orc (D:6)
  8 bullfrogs
  A gnoll sergeant (D:9)
  4 scorpions
  8 wights
  Dowan (D:7)
  10 killer bees
  3 howler monkeys (D:9)
  2 electric eels (Lair:1)
  2 bombardier beetles
  2 hounds
  2 orc priests
  Crazy Yiuf (D:5)
  A gnoll bouda (D:6)
  3 jellies
  3 iguanas
  2 sleepcaps
  Ijyb (D:5)
  6 orc wizards
  7 gnolls
  4 adders
  A shadow imp (D:5)
  5 white imps
  4 ufetubi (D:5)
  5 dart slugs
  2 ribbon worms
  29 orcs
  7 endoplasms
  3 giant cockroaches
  6 goblins
  8 hobgoblins
  9 jackals
  23 kobolds
  4 quokkas
  6 ball pythons
  A bat (D:3)
  2 frilled lizards (D:2)
  6 rats
273 creatures vanquished.

Notes
Turn   | Place    | Note
-------+----------+-------------------------------------------
     0 | D:1      | stipulation the Ghoul Monk began the quest for the Orb.
     0 | D:1      | Reached XP level 1. HP: 19/19 MP: 1/1
    19 | D:1      | Noticed a minotaur skeleton
   372 | D:1      | Reached XP level 2. HP: 26/26 MP: 2/2
   377 | D:1      | Reached skill level 4 in Unarmed Combat
  1097 | D:2      | Reached XP level 3. HP: 19/31 MP: 3/3
  1459 | D:2      | Found a shimmering altar of Xom.
  1512 | D:3      | Reached skill level 5 in Unarmed Combat
  1843 | D:3      | Reached XP level 4. HP: 33/38 MP: 4/4
  2008 | D:3      | Found a glowing drain.
  2033 | Sewer    | Entered a sewer
  2168 | Sewer    | Noticed a crocodile
  2178 | Sewer    | Killed a crocodile
  2179 | Sewer    | Reached skill level 6 in Unarmed Combat
  2179 | Sewer    | Reached XP level 5. HP: 23/45 MP: 5/5
  2481 | D:4      | Reached skill level 7 in Unarmed Combat
  2481 | D:4      | Reached XP level 6. HP: 39/51 MP: 6/6
  2929 | D:4      | Reached skill level 8 in Unarmed Combat
  2993 | D:4      | Reached XP level 7. HP: 30/57 MP: 7/7
  3295 | D:5      | Entered Level 5 of the Dungeon
  3312 | D:5      | Reached skill level 9 in Unarmed Combat
  3529 | D:5      | Found a staircase to the Ecumenical Temple.
  3561 | D:5      | Noticed Ijyb
  3573 | D:5      | Killed Ijyb
  3624 | Temple   | Found a transporter.
  3624 | Temple   | Found a transporter.
  3624 | Temple   | Found a transporter.
  3624 | Temple   | Found a transporter.
  3624 | Temple   | Entered the Ecumenical Temple
  3704 | D:5      | Reached skill level 10 in Unarmed Combat
  3714 | D:5      | Found a shimmering altar of Xom.
  3725 | D:5      | Reached XP level 8. HP: 41/63 MP: 8/8
  4051 | D:5      | Noticed Edmund
  4067 | D:5      | Killed Edmund
  4068 | D:5      | Reached skill level 11 in Unarmed Combat
  4273 | D:5      | Identified the +0 helmet of Exclusion {rN++ Will-}
  4418 | D:5      | Found a runed translucent door.
  4419 | D:5      | Noticed Crazy Yiuf
  4568 | D:5      | Killed Crazy Yiuf
  4805 | D:6      | Found a broken altar of Ashenzari.
  4891 | D:6      | Noticed Pikel
  4901 | D:6      | Found a blossoming altar of Fedhas.
  4908 | D:6      | Reached skill level 12 in Unarmed Combat
  4915 | D:6      | Killed Pikel
  4916 | D:6      | Reached skill level 13 in Unarmed Combat
  4916 | D:6      | Reached XP level 9. HP: 28/70 MP: 9/9
  4921 | D:6      | Noticed Blork the orc
  4931 | D:6      | Killed Blork the orc
  4941 | D:6      | HP: 1/70 [gnoll/+0 spear[a gnoll bouda] (6)]
  6222 | D:7      | Reached skill level 14 in Unarmed Combat
  6299 | D:7      | Noticed Dowan
  6301 | D:7      | Noticed Duvessa
  6309 | D:7      | Killed Duvessa
  6314 | D:7      | Killed Dowan
  6849 | D:7      | Found a bloodstained altar of Trog.
  6988 | D:7      | Reached skill level 15 in Unarmed Combat
  6989 | D:7      | Reached XP level 10. HP: 58/77 MP: 10/10
  7356 | D:8      | Reached skill level 16 in Unarmed Combat
  7755 | D:8      | Noticed Psyche
  7761 | D:8      | Killed Psyche
  7968 | D:8      | Found an ornate altar of the Wu Jian Council.
  8623 | D:9      | Reached skill level 17 in Unarmed Combat
  8713 | D:9      | Reached XP level 11. HP: 77/82 MP: 11/11
  8829 | D:9      | Found a staircase to the Lair.
  9032 | D:9      | Found an ancient bone altar of Kikubaaqudgha.
  9313 | D:10     | Entered Level 10 of the Dungeon
  9442 | D:10     | Noticed a two-headed ogre
  9447 | D:10     | Killed a two-headed ogre
  9448 | D:10     | Reached skill level 18 in Unarmed Combat
  9702 | D:10     | Noticed a two-headed ogre
  9709 | D:10     | Killed a two-headed ogre
  9859 | D:10     | Noticed a two-headed ogre
  9871 | D:10     | Killed a two-headed ogre
 10310 | D:8      | Became a worshipper of the Wu Jian Council
 10310 | D:8      | Reached * piety under Wu Jian
 10310 | D:8      | Reached ** piety under Wu Jian
 10375 | Lair:1   | Entered Level 1 of the Lair of Beasts
 10471 | Lair:1   | Reached skill level 19 in Unarmed Combat
 11203 | Lair:1   | Reached skill level 20 in Unarmed Combat
 11233 | Lair:1   | Reached XP level 12. HP: 65/89 MP: 12/12
 12434 | Lair:2   | Identified the +0 pair of gloves of Tartarus {Rampage
                  | Dex+2}
 12605 | Lair:2   | Noticed a boulder beetle
 12616 | Lair:2   | Killed a boulder beetle
 12736 | Lair:2   | Identified the +2 hand axe of the Endless March {antimagic,
                  | rF++ Int-2 Dex+4}
 12792 | Lair:2   | Noticed a five-headed hydra
 12801 | Lair:2   | Slain by a five-headed hydra

Illustrated notes

Levels and vault maps discovered:
D:1:      shiori_arrival_whats_in_store_for_you, layout_loops_ring
D:2:      layout_loops_ring, basic_altar
D:3:      layout_basic, portal_sewer_entry_c, nicolae_underground_beach
D:4:      layout_basic, serial_bayou_pond_b, nrook_campfire,
          eino_small_chamber_without_monster, hangedman_decor_opposing
D:5:      layout_rooms, temple_doors_cd, nicolae_concentric_dashed_squares_mild,
          minmay_ruined_shrine, uniq_ijyb, uniq_edmund, uniq_crazy_yiuf_cottage
D:6:      corexii_shack_village, layout_basic,
          mainiacjoe_overflow_catwalk_spiral, uniq_pikel, uniq_blork_the_orc
D:7:      layout_gridville, trog_hazing_becter, nicolae_figureground_sparkle,
          uniq_duvessa
D:8:      layout_basic, mainiacjoe_overflow_concentric_impassable, uniq_psyche
D:9:      layout_basic, kiku_gazebo_pond_becter, dk_rats_in_the_wall
D:10:     layout_small_grid
Temple:   hellmonk_temple_divided_pantheon
Lair:1:   layout_regular_city, lemuel_fruit_fields, infiniplex_staircase_pool,
          serial_bayou_shore_a
Lair:2:   layout_long_grid, lemuel_fruit_tree, lemuel_fruit_fields

Skill      XL: |  1  2  3  4  5  6  7  8  9 10 11 |
---------------+----------------------------------+-----
Unarmed Combat | 4 5 6 7 8 10 13 15 17 20 | 20.9
Fighting       | |  3.2
Dodging        | |  2.6

Action                     |  1- 3 |  4- 6 |  7- 9 | 10-12 || total
---------------------------+-------+-------+-------+-------++-------
  Melee: Unarmed           |    99 |   104 |   261 |   372 ||   836
Ability: Whirlwind         |       |       |       |    19 ||    19
         Lunge             |       |       |       |     9 ||     9
         Wall Jump         |       |       |       |     3 ||     3
    Use: Scroll            |       |       |     7 |       ||     7
 Armour: Robe              |    44 |    32 |       |       ||    76
         Chain mail        |       |    40 |   157 |       ||   197
         Plate armour      |       |       |    72 |   342 ||   414
  Dodge: Dodged            |    57 |    63 |   124 |   107 ||   351
